 Dungeon Crawl Stone Soup version 0.27.0-1-g7a089689b8 (webtiles) character file.

Game seed: 422615252253125126

102 SnakkuSnakku7 the Cudgeller (level 4, -2/48 HPs)
             Began as an Ogre Delver on Aug 6, 2021.
             Slain by an orc (4 damage)
             ... on level 4 of the Dungeon.
             The game lasted 00:01:22 (348 turns).

SnakkuSnakku7 the Cudgeller (Ogre Delver)            Turns: 348, Time: 00:01:23

Health: -2/48      AC:  3    Str: 17    XL:     4   Next: 78%
Magic:  4/4        EV:  9    Int: 11    God:
Gold:   0          SH:  0    Dex: 10    Spells: 3/3 levels left

rFire    . . .     SeeInvis .   i - +0 flail
rCold    . . .     Faith    .   (no shield)
rNeg     . . .     Spirit   .   b - +0 robe
rPois    .         Reflect  .   (helmet restricted)
rElec    .         Harm     .   (no cloak)
rCorr    .         Rampage  .   (gloves unavailable)
Will     .....                  (boots unavailable)
Stlth    ++........             (no amulet)
HPRegen  0.16/turn              (no ring)
MPRegen  0.09/turn              (no ring)

@: no status effects
A: large, unfitting armour, tough skin 1
a: no special abilities


You were on level 4 of the Dungeon.
You visited 1 branch of the dungeon, and saw 2 of its levels.

Inventory:

Hand Weapons
 a - a +0 mace
 i - a +0 flail (weapon)
Armour
 b - a +0 robe (worn)
Wands
 g - a wand of digging (2)
 h - a wand of mindburst (2)
Scrolls
 c - a scroll of fog
 d - a scroll of magic mapping
 e - a scroll of teleportation {unknown}
Potions
 f - a potion of haste


   Skills:
 - Level 4.0 Fighting
 + Level 4.4 Maces & Flails
 - Level 1.7 Dodging
 - Level 3.7 Stealth


You had 3 spell levels left.
You didn't know any spells.
Your spell library was empty.

Dungeon Overview and Level Annotations

Branches:
Dungeon (5/15)
 Temple: D:4-7

Altars:
Makhleb

Shops:
D:4 (


Innate Abilities, Weirdness & Mutations

You are too large for most types of armour.
You have tough skin. (AC +1)


Message History

The orc wizard hits you with a +0 dagger.
The orc wizard gestures at you while chanting.
You resist with some effort.
You're too confused to move!
You feel less confused. The orc wizard casts a spell at you.
The magic dart hits you! The orc wizard misses you.
You closely miss the orc wizard.
The orc wizard is severely wounded.
The orc wizard hits you with a +0 dagger.
You barely miss the orc wizard.
The orc wizard is severely wounded.
The orc wizard hits you with a +0 dagger.
Aiming: Mindburst
Press: ? - help, Shift-Dir - straight line, f - orc wizard
Aim: an orc wizard, wielding a +0 dagger and wearing a +0 robe (severely wounded, chance to affect: 65%)
The orc wizard struggles to resist.
The orc wizard hits you with a +0 dagger.
* * * LOW HITPOINT WARNING * * *
Aiming: Mindburst
Press: ? - help, Shift-Dir - straight line, f/p - orc wizard
Aim: an orc wizard, wielding a +0 dagger and wearing a +0 robe (severely wounded, chance to affect: 65%)
The orc wizard's mind is blasted!
You blow up the orc wizard!
Unknown command.
Unknown command.
You hit the orc but do no damage. The orc hits you with a +0 mace.
* * * LOW HITPOINT WARNING * * *
The orc hits you with a +0 mace.
* * * LOW HITPOINT WARNING * * *
You hit the orc.
The orc is almost dead.
The orc hits you but does no damage.
Unknown command.
Aiming: Mindburst
Press: ? - help, Shift-Dir - straight line, f - orc
Aim: an orc, wielding a +0 mace (almost dead, chance to affect: 80%)
The orc barely resists.
The orc hits you with a +0 mace.
You die...

####.# ..#.# ..."#
#.#.# #.#.## # #
#####.#..#####.#
....####.)........(...#
#.........)#........[
####.#@##..##..######.#
#.#o#§.≈#...#......#
..#.≈≈.≈≈.#†..###..#
.....≈≈∩≈≈.....†.....
#####.≈≈≈≈≈<....####.#
#.#≈≈≈#.###.##
#.###.#......# # #.#
#.######.###.#
#.###............#


You could see an orc.

Vanquished Creatures
  A scorpion (D:4)
  An orc wizard (D:4)
  An adder (D:4)
  2 dart slugs (D:4)
  3 orcs (D:4)
  An endoplasm (D:4)
9 creatures vanquished.

Notes
Turn   | Place    | Note
-------+----------+-------------------------------------------
     0 | D:5      | SnakkuSnakku7 the Ogre Delver began the quest for the Orb.
     0 | D:5      | Reached XP level 1. HP: 24/24 MP: 1/1
    40 | D:4      | Reached XP level 2. HP: 19/32 MP: 2/2
   127 | D:4      | Noticed a scorpion
   220 | D:4      | Found a burning altar of Makhleb.
   274 | D:4      | Found Jalem's Weapon Shop.
   289 | D:4      | Killed a scorpion
   290 | D:4      | Reached XP level 3. HP: 39/39 MP: 3/3
   290 | D:4      | Reached XP level 4. HP: 48/48 MP: 4/4
   346 | D:4      | HP: 2/48 [orc (5)]
   348 | D:4      | Slain by an orc

Illustrated notes

Levels and vault maps discovered:
D:4:      layout_basic, demons_altar, serial_shops, nicolae_shop_waterfront
D:5:      layout_loops_ring, guppyfry_early_lair_pool, uniq_crazy_yiuf_cottage

Skill      XL: |  1  2  3  4 |
---------------+-------------+-----
Maces & Flails | 2 3 4 |  4.4
Fighting       | |  4.0
Dodging        | |  1.7
Stealth        | |  3.7

Action                   |  1- 3 |  4- 6 || total
-------------------------+-------+-------++-------
Melee: Mace              |    10 |     9 ||    19
       Flail             |       |    15 ||    15
Evoke: Wand              |     1 |     5 ||     6
  Use: Scroll            |     1 |       ||     1
 Stab: Sleeping          |     1 |       ||     1
Armor: Robe              |     1 |     8 ||     9
Dodge: Dodged            |    10 |     8 ||    18
